 Dungeon Crawl Stone Soup version 0.31-a0-435-g2c6fae2916 (webtiles) character file.

Game seed: 4574215687174035832

64792 AdnanSaban the Bludgeoner (level 15, -2/99 HPs)
             Began as a Gargoyle Fighter on Aug 1, 2023.
             Was the Champion of Okawaru.
             Slain by an orc warrior
             ... wielding a +0 halberd
             ... led by an orc knight
              (18 damage)
             ... on level 1 of the Orcish Mines.
             The game lasted 00:36:12 (24951 turns).

AdnanSaban the Bludgeoner (Gargoyle Fighter)       Turns: 24951, Time: 00:36:12

Health: -2/99      AC: 45    Str: 29    XL:     15   Next: 14%
Magic:  18/19      EV: 13    Int:  9    God:    Okawaru [******]
Gold:   2089       SH:  7    Dex:  9    Spells: 14/14 levels left

rFire   . . .        U - +4 eveningstar of the Postmodern Loafs {heavy, Fly rC+++ Str-4 SInv}
rCold   + + +        c - +0 buckler
rNeg    + . .        R - +18 Lear's hauberk
rPois   ∞            (helmet currently unavailable)
rElec   +            j - +0 cloak
rCorr   .            (gloves currently unavailable)
SInv    +            (boots currently unavailable)
Will    +....        (no amulet)
Stlth   +            g - +6 ring of strength
HPRegen 0.36/turn    y - ring of see invisible
MPRegen 0.16/turn

%: no passive effects
@: heroic, flying
A: sickness immunity, AC +11, big wings, negative energy resistance 1,
electricity resistance, torment resistance 1, petrification resistance
a: Renounce Religion, Heroism, Finesse, Duel


You were on level 1 of the Orcish Mines.
You worshipped Okawaru.
Okawaru was exalted by your worship.
You visited 4 branches of the dungeon, and saw 20 of its levels.
You also visited: Sewer.

You collected 2089 gold pieces.

Inventory:

Hand Weapons
 U - the +4 eveningstar of the Postmodern Loafs (weapon) {heavy, Fly rC+++ Str-4 SInv}
   (Okawaru gifted it to you on level 11 of the Dungeon)

   Str:       It affects your strength (-4).
   rC:        It renders you almost immune to cold.
   SInv:      It lets you see invisible.
   Fly:       It grants you flight.
 W - the +9 whip of Doom {protect, Dex+2}
   (You found it on level 1 of the Lair of Beasts)

   Dex:       It affects your dexterity (+2).
Missiles
 v - 53 poisoned darts
 G - 5 datura-tipped darts
 H - 4 throwing nets
 J - 2 curare-tipped darts
 O - 5 silver javelins
 P - 3 boomerangs (quivered)
Armour
 c - a +0 buckler (worn)
 j - a +0 cloak (worn)
 w - a +0 pair of boots
 z - a +2 hat of stealth
 C - a +3 chain mail
 R - the +18 Lear's hauberk (worn)
   (Okawaru gifted it to you on level 2 of the Orcish Mines)
Jewellery
 g - a +6 ring of strength (left hand)
 y - a ring of see invisible (right hand)
Wands
 q - a wand of flame (96)
 x - a wand of iceblast (13)
 F - a wand of polymorph (11)
 L - a wand of digging (8)
 M - a wand of paralysis (11)
 X - a wand of mindburst (8)
Scrolls
 b - 3 scrolls of enchant armour {unknown}
 e - 4 scrolls of brand weapon {unknown}
 h - 5 scrolls of enchant weapon {unknown}
 i - a scroll of torment {unknown}
 k - 4 scrolls of fog {unknown}
 l - 3 scrolls of blinking {unknown}
 n - a scroll of butterflies {unknown}
 s - 2 scrolls of revelation {unknown}
 u - 11 scrolls of identify {unknown}
 A - a scroll of poison {unknown}
 B - 3 scrolls of amnesia {unknown}
 I - 3 scrolls of teleportation {unknown}
 N - 3 scrolls of fear {unknown}
 Q - a scroll of acquirement {unknown}
 T - 2 scrolls of silence {unknown}
Potions
 a - 5 potions of magic {unknown}
 d - 10 potions of might
 f - 3 potions of cancellation {unknown}
 m - 6 potions of haste {unknown}
 o - 6 potions of curing
 p - 3 potions of attraction {unknown}
 r - 5 potions of lignification {unknown}
 t - 2 potions of degeneration {unknown}
 D - 2 potions of mutation {unknown}
 E - a potion of invisibility {unknown}
 K - 2 potions of resistance {unknown}
 V - a potion of berserk rage {unknown}
 Y - a potion of heal wounds {unknown}


   Skills:
 * Level 13.4(18.4) Fighting
 + Level 15.7(20.7) Maces & Flails
 + Level 1.9(6.9) Throwing
 + Level 12.8(17.8) Armour
 + Level 6.3(11.3) Dodging
 + Level 2.3(7.3) Stealth
 + Level 10.8(15.8) Shields
 * Level 6.5 Invocations


You had 14 spell levels left.
You didn't know any spells.
Your spell library contained the following spells:

 Spells                   Type           Power      Damage    Failure   Level
 Kiss of Death            Conj/Necr      0%         2d5       75%         1
 Slow                     Hex            0%         N/A       75%         1
 Blink                    Tloc           0%         N/A       86%         2
 Lesser Beckoning         Tloc           0%         N/A       86%         2
 Momentum Strike          Conj/Tloc      0%         3d8       86%         2
 Scorch                   Fire           0%         2d5       86%         2
 Confusing Touch          Hex            0%         N/A       98%         3
 Gell's Gravitas          Tloc           0%         N/A       98%         3
 Ignite Poison            Fire/Tmut/Pois 0%         N/A       98%         3
 Teleport Other           Tloc           0%         N/A       98%         3
 Vampiric Draining        Necr           0%         2d6       98%         3
 Dispel Undead            Necr           0%         3d6       100%        4
 Flame Wave               Conj/Fire      0%         2d4       100%        4
 Sticky Flame             Conj/Fire      0%         2d3       100%        4
 Agony                    Necr           0%         N/A       100%        5
 Dispersal                Tloc           0%         N/A       100%        6
 Ignition                 Fire           0%         3d3       100%        8
 Summon Cactus Giant      Summ           Unusable   N/A       N/A         6

Dungeon Overview and Level Annotations

Branches:
Dungeon (12/15)            Temple (1/1) D:7            Lair (5/5) D:11
  Swamp (0/4) Lair:3       Spider (0/4) Lair:2        Slime (0/5) Lair:4
    Orc (2/2) D:12            Elf (0/3) Orc:2         Sewer (visited)

Altars:
Ashenzari
Cheibriados
Dithmenos
Elyvilon
Fedhas
Gozag
Hepliaklqana
Kikubaaqudgha
Makhleb
Nemelex Xobeh
Okawaru
Qazlal
Ru
Sif Muna
Trog
Uskayaw
Vehumet
Wu Jian
Xom
Yredelemnul
Zin
The Shining One
Jiyva
Lugonu

Shops:
D:4 (   D:8 =   D:12 *   Orc:2 *=:[

Annotations:
D:6 2 runed translucent doors, paps's ghost, novice OpSh
Lair:1 3 runed translucent doors
Lair:4 exclusion: oklob plant
Lair:5 3 runed translucent doors, Morbidden's ghost, journeyman FoBr


Innate Abilities, Weirdness & Mutations

You are immune to sickness and miasma.
Your stone body is resilient. (AC +11)
You are immune to poison.
Your large and strong wings let you fly.
You resist negative energy. (rN+)
You are resistant to electric shocks. (rElec)
You are resistant to unholy torment.
You are immune to petrification.


Message History

You completely miss the orc knight.
The orc knight is moderately wounded.
You block the orc knight's attack. The orc warrior closely misses you.
The orc warrior unwields a +0 arbalest.
The orc warrior wields a +0 war axe.
The orc warrior hits you but does no damage.
You impale the orc knight!!
The orc knight is heavily wounded.
You block the orc knight's attack. The orc warrior completely misses you.
The orc warrior barely misses you.
You closely miss the orc knight.
The orc knight is heavily wounded.
The orc knight hits you with a +2 glaive of protection.
You block the orc warrior's attack. The orc warrior closely misses you.
You puncture the orc knight!
The orc knight is severely wounded.
The orc knight hits you but does no damage.
The orc warrior hits you but does no damage.
You block the orc warrior's attack.
You barely miss the orc knight.
The orc knight is severely wounded.
The orc knight hits you but does no damage.
The orc warrior hits you but does no damage.
You block the orc warrior's attack.
You puncture the orc knight!
The orc knight is almost dead.
The orc knight hits you with a +2 glaive of protection!
You block the orc warrior's attack. The orc warrior misses you.
You thump the orc knight!
You kill the orc knight!
Okawaru accepts your kill.
The sentinel's mark upon you fades away.
You block the orc warrior's attack.
An ogre comes into view. It is wielding a +0 giant club.
The orc warrior hits you with a +0 war axe!
* * * LOW HITPOINT WARNING * * *
You perforate the orc warrior like a sieve!!!
You kill the orc warrior!
Okawaru accepts your kill.
The orc warrior hits you from afar with a +0 halberd!!
You die...

....###.))..##.#
.†...##......#####
<....#....#.####.###
#........#### #$..$##
##........# #.....# #
#.......## ###....##.#
###....#####.#.......#
#.###.# #.)...)Oo...#
### #####)>)..@#
#..)))...# #...>.)#.##
##.$...### #......
#$...... #####....
...... .......


You could see an orc warrior (strong) and an ogre.

Vanquished Creatures
  Kirke (Lair:4)
  Josephine (Lair:4)
  4 hydras
  A merfolk avatar (Lair:5)
  2 boulder beetles
  A catoblepas (Lair:5)
  4 two-headed ogres
  An orc high priest (Orc:1)
  Urug (D:12)
  3 skysharks (Lair:5)
  Lodul (D:12)
  2 bog bodies (Lair:3)
  2 harpies (Lair:5)
  A deep elf pyromancer (D:12)
  3 orc knights
  2 orc sorcerers (Orc:2)
  An ugly thing (D:11)
  2 manticores (Lair:5)
  11 elephants
  4 black mambas
  11 cane toads
  2 kobold demonologists
  2 gargoyles
  7 rime drakes
  3 unseen horrors
  11 komodo dragons
  3 trolls
  3 polar bears
  A wind drake (Lair:5)
  3 hornets
  27 blink frogs
  A snapping turtle (Lair:5)
  Sigmund (D:3)
  5 jumping spiders
  7 wraiths
  5 wyverns
  53 yaks
  A vampire (D:9)
  2 culicivoras (Lair:2)
  4 hogs
  3 humans (Lair:4)
  3 steam dragons (Lair:5)
  3 basilisks
  2 vampire mosquitoes (D:9)
  Grum (D:10)
  2 redbacks
  4 wargs (Orc:1)
  5 acid dragons
  14 water moccasins
  31 orc warriors
  3 black bears
  4 ice beasts
  14 wolves
  7 centaurs
  15 ogres
  A phantom (D:4)
  7 kobold brigands
  14 bullfrogs
  2 gnoll sergeants
  2 scorpions
  9 wights
  8 killer bees
  An electric eel (Lair:3)
  A howler monkey (D:11)
  A jelly (D:7)
  13 orc priests
  A hound (D:5)
  A gnoll bouda (D:8)
  2 iguanas
  A sleepcap (D:5)
  17 orc wizards
  18 gnolls
  10 adders
  4 river rats (Sewer)
  A shadow imp (D:8)
  3 white imps
  4 worms
  A dart slug (D:1)
  57 orcs
  13 ball pythons
  A bat (D:1)
  10 endoplasms
  4 giant cockroaches
  6 goblins
  5 hobgoblins
  3 jackals (D:1)
  6 quokkas
  5 frilled lizards
  37 kobolds
  14 rats
594 creatures vanquished.

Notes
Turn   | Place    | Note
-------+----------+-------------------------------------------
     0 | D:1      | AdnanSaban the Gargoyle Fighter began the quest for the
                  | Orb.
     0 | D:1      | Reached XP level 1. HP: 14/14 MP: 1/1
    51 | D:1      | Found a faded altar of an unknown god.
    92 | D:1      | Reached XP level 2. HP: 19/19 MP: 2/2
   505 | D:1      | Reached XP level 3. HP: 22/23 MP: 3/3
  1409 | D:2      | Reached XP level 4. HP: 28/28 MP: 4/4
  1670 | D:3      | Found a glowing drain.
  1680 | Sewer    | Entered a sewer
  1762 | Sewer    | Reached skill level 3 in Maces & Flails
  1769 | Sewer    | Reached XP level 5. HP: 20/32 MP: 5/5
  2189 | D:3      | Noticed Sigmund
  2197 | D:3      | Killed Sigmund
  2198 | D:3      | Reached skill level 4 in Maces & Flails
  2198 | D:3      | Reached skill level 1 in Dodging
  2198 | D:3      | Reached XP level 6. HP: 31/38 MP: 6/6
  3020 | D:4      | Found Qanekis's Antique Weapon Emporium.
  3073 | D:4      | Reached skill level 5 in Armour
  3084 | D:4      | Reached XP level 7. HP: 12/43 MP: 7/7
  3339 | D:4      | Found an opulent altar of Gozag.
  3579 | D:4      | Found an opulent altar of Gozag.
  3580 | D:4      | Found an opulent altar of Gozag.
  3586 | D:4      | Found an opulent altar of Gozag.
  3599 | D:4      | Reached skill level 5 in Maces & Flails
  3769 | D:5      | Entered Level 5 of the Dungeon
  4265 | D:5      | Found a shadowy altar of Dithmenos.
  4265 | D:5      | Found a blossoming altar of Fedhas.
  4366 | D:5      | Found a hazy altar of Hepliaklqana.
  4541 | D:6      | Reached skill level 6 in Maces & Flails
  4541 | D:6      | Reached skill level 5 in Shields
  4541 | D:6      | Reached XP level 8. HP: 11/48 MP: 8/8
  4718 | D:6      | Found a hide-covered altar of Uskayaw.
  4774 | D:6      | Found a runed translucent door.
  4825 | D:6      | Noticed paps's ghost (novice OpSh)
  4909 | D:6      | Reached skill level 5 in Fighting
  5063 | D:6      | Reached skill level 7 in Maces & Flails
  5365 | D:6      | Reached skill level 1 in Stealth
  5412 | D:6      | Found a shimmering blue altar of Sif Muna.
  5589 | D:6      | Found a runed translucent door.
  5913 | D:7      | Reached skill level 8 in Maces & Flails
  5913 | D:7      | Reached XP level 9. HP: 54/54 MP: 9/9
  6087 | D:7      | Found a basalt altar of Yredelemnul.
  6145 | D:7      | Identified the +0 leather armour "Aleoczui" {Str+4 Int+3}
  6146 | D:7      | Found a glowing golden altar of the Shining One.
  6433 | D:7      | Found a sparkling altar of Nemelex Xobeh.
  6473 | D:7      | Noticed a hornet
  6486 | D:7      | Killed a hornet
  6548 | D:7      | Found a staircase to the Ecumenical Temple.
  6598 | Temple   | Entered the Ecumenical Temple
  6653 | D:7      | Found a white marble altar of Elyvilon.
  6833 | D:8      | Reached skill level 9 in Maces & Flails
  7536 | D:8      | Found Quel's Jewellery Emporium.
  7615 | D:9      | Reached XP level 10. HP: 57/60 MP: 10/10
  7640 | D:9      | Reached skill level 10 in Maces & Flails
  8052 | D:9      | Found a burning altar of Makhleb.
  8219 | D:9      | Found a sacrificial altar of Ru.
  8587 | D:9      | Noticed a two-headed ogre
  8596 | D:9      | Killed a two-headed ogre
  8774 | D:10     | Entered Level 10 of the Dungeon
  8879 | D:10     | Noticed Grum
  9244 | D:10     | Killed Grum
  9245 | D:10     | Reached XP level 11. HP: 46/67 MP: 11/11
  9368 | D:9      | Reached skill level 11 in Maces & Flails
  9876 | D:10     | Found a stormy altar of Qazlal.
  9920 | D:10     | Found an iron altar of Okawaru.
  9925 | D:10     | Became a worshipper of Warmaster Okawaru
 10399 | D:11     | Found a staircase to the Lair.
 10573 | D:11     | Reached * piety under Okawaru
 10575 | D:11     | Noticed a two-headed ogre
 10625 | D:10     | Killed a two-headed ogre
 11173 | D:11     | Reached ** piety under Okawaru
 11200 | D:11     | Reached skill level 10 in Armour
 11214 | D:11     | Reached skill level 12 in Maces & Flails
 11827 | D:11     | Identified the +1 falchion "Uneyw" {protect, Dex+5}
 11900 | D:12     | Noticed Lodul
 11900 | D:12     | Noticed a deep elf pyromancer
 12095 | D:12     | Noticed a purple ugly thing
 12112 | D:11     | Killed a purple ugly thing
 12112 | D:11     | Reached *** piety under Okawaru
 12644 | D:12     | Reached XP level 12. HP: 58/75 MP: 12/12
 12851 | D:12     | Noticed Urug
 12969 | D:12     | Killed Urug
 12969 | D:12     | Reached **** piety under Okawaru
 13367 | D:12     | Noticed a two-headed ogre
 13382 | D:12     | Killed a two-headed ogre
 13533 | D:12     | Reached skill level 1 in Throwing
 13658 | D:12     | Found Jirah's Assorted Antiques.
 13661 | D:12     | Found a staircase to the Orcish Mines.
 14140 | D:11     | Reached skill level 13 in Maces & Flails
 14246 | D:12     | Killed Lodul
 14302 | D:12     | Noticed a two-headed ogre
 14316 | D:12     | Killed a two-headed ogre
 14444 | Lair:1   | Entered Level 1 of the Lair of Beasts
 14830 | D:11     | Reached ***** piety under Okawaru
 15321 | Lair:1   | Found a runed translucent door.
 15749 | Lair:1   | Received a gift from Okawaru
 15779 | Lair:1   | Reached skill level 10 in Fighting
 15841 | Lair:1   | Reached XP level 13. HP: 71/82 MP: 13/13
 16248 | Lair:1   | Reached skill level 14 in Maces & Flails
 16390 | Lair:2   | Reached skill level 5 in Dodging
 16446 | Lair:1   | Received a gift from Okawaru
 17427 | Lair:2   | Reached skill level 1 in Invocations
 17576 | Lair:2   | Found a hole to the Spider Nest.
 18535 | D:11     | Identified the +4 eveningstar of the Postmodern Loafs
                  | {heavy, Fly rC+++ Str-4 SInv} (Okawaru gifted it to you on
                  | level 11 of the Dungeon)
 18535 | D:11     | Received a gift from Okawaru
 18716 | Lair:1   | Identified the +9 whip of Doom {protect, Dex+2}
 18722 | Lair:1   | Found a runed translucent gate.
 18722 | Lair:1   | Found a runed translucent gate.
 18722 | Lair:1   | Found a runed translucent gate.
 18722 | Lair:1   | Found a runed translucent gate.
 18723 | Lair:1   | Found a runed translucent gate.
 18724 | Lair:1   | Found a runed translucent gate.
 18899 | Lair:3   | Found a staircase to the Swamp.
 19118 | Lair:3   | Found a shimmering altar of Xom.
 20383 | Lair:4   | Noticed Josephine
 20587 | Lair:4   | Received a gift from Okawaru
 20687 | Lair:4   | Reached skill level 10 in Shields
 20696 | Lair:3   | Gained mutation: Your large and strong wings let you fly.
                  | [Gargoyle growth]
 20696 | Lair:3   | Reached XP level 14. HP: 29/91 MP: 16/16
 20878 | Lair:3   | Reached ****** piety under Okawaru
 21024 | Lair:4   | Killed Josephine
 21392 | Lair:4   | Found a viscous altar of Jiyva.
 21392 | Lair:4   | Found a staircase to the Slime Pits.
 21783 | Lair:5   | Entered Level 5 of the Lair of Beasts
 21868 | Lair:4   | Reached skill level 15 in Maces & Flails
 21977 | Lair:5   | Identified the +9 longbow of the Crafting Tiger {heavy, rF-
                  | rCorr Str+8 SInv} (Okawaru gifted it to you on level 5 of
                  | the Lair of Beasts)
 21977 | Lair:5   | Received a gift from Okawaru
 22319 | Lair:5   | Reached skill level 5 in Invocations
 22507 | Lair:5   | Received a gift from Okawaru
 23049 | Lair:5   | Found a runed translucent gate.
 23049 | Lair:5   | Found a runed translucent gate.
 23054 | Lair:5   | Found a runed translucent gate.
 23056 | Lair:5   | Noticed Morbidden's ghost (journeyman FoBr)
 23236 | Lair:5   | Got the Reference Book on Evil
 23510 | Lair:5   | Noticed Kirke
 23561 | Lair:4   | Killed Kirke
 23973 | Orc:1    | Entered Level 1 of the Orcish Mines
 24149 | Orc:2    | Entered Level 2 of the Orcish Mines
 24425 | Orc:2    | Reached XP level 15. HP: 97/99 MP: 19/19
 24426 | Orc:2    | Received a gift from Okawaru
 24426 | Orc:2    | Found the +18 Lear's hauberk
 24427 | Orc:2    | Found Sucw's Antique Weapon Emporium.
 24562 | Orc:2    | Paralysed by an orc sorcerer for 5 turns
 24661 | Orc:2    | Found Ufid's Jewellery Boutique.
 24761 | Orc:2    | Found a staircase to the Elven Halls.
 24789 | Orc:2    | Found Bukihiwu's General Store.
 24880 | Orc:2    | Found Rorusaxi's Book Emporium.
 24880 | Orc:2    | Noticed an orc warlord
 24881 | Orc:2    | Found Uhoacvil's Antique Armour Boutique.
 24951 | Orc:1    | Slain by an orc warrior

Illustrated notes

Levels and vault maps discovered:
D:1:      dpeg_arrival_arbitrary_b, layout_loops_ring,
          hellmonk_ecumenical_altar_zigzags, kennysheep_flooded_box,
          dk_noncrumbling_4
D:2:      layout_basic, minmay_pentomino_pile
D:3:      layout_loops_ring, gup_sewer_entry_bubbles, uniq_sigmund
D:4:      nicolae_cairo_tiling_large_dashed, layout_basic,
          nicolae_gozag_conspicuous_consumption, serial_shops, shop
D:5:      layout_rooms, fedhas_altar_fruit_tree, overflow_temple_1_default,
          nzn_hepliaklqana_mist_gate
D:6:      layout_basic, kennysheep_orc_sif_temple,
          mainiacjoe_overflow_surrounded_room, ebering_ghost_sewer_f,
          nicolae_lava_and_water
D:7:      layout_cave_pods, elyvilon_altar_5, kennysheep_little_box,
          nemelex_dance_club_becter, tso_metal_star,
          minmay_temple_entry_nine_rooms
D:8:      layout_rooms, serial_shops, nicolae_shop_rolling_square,
          nrook_mini_backslash
D:9:      layout_basic, nicolae_ru_path_of_blood, nicolae_overflow_crystal_walls
D:10:     layout_rooms, mainiacjoe_overflow_six_doors_small,
          hellmonk_okawaru_the_only_friend_you_need, uniq_grum
D:11:     layout_basic, hellmonk_lair_entry_icy, minmay_puff
D:12:     layout_long_grid, minmay_orc_entry_temple_small, serial_shops, shop,
          minmay_misc_feat_ornament, st_stairs_6, uniq_lodul, uniq_urug
Temple:   corrupted_temple
Lair:1:   gammafunk_indiana_jones, layout_regular_city,
          infiniplex_staircase_pool_2
Lair:2:   layout_layer_cave, nicolae_spider_entry_tight_spaces,
          serial_bayou_shore_b, grunt_megastairs_2, infiniplex_staircase_pool,
          lemuel_fruit_tree
Lair:3:   layout_hall_layers, skrybe_swamp_entry_bodies, basic_altar,
          guppyfry_lair_drakes
Lair:4:   layout_long_grid, dpeg_slime_entry_corner, uniq_josephine
Lair:5:   gammafunk_lair_ancient_temple, layout_regular_city,
          gammafunk_ghost_necromancy, uniq_kirke
Orc:1:    layout_diamond_mine
Orc:2:    grunt_orc_gardens, layout_caves, grunt_orc_garden, grunt_orc_garden,
          grunt_orc_garden, grunt_orc_garden, serial_shops,
          nicolae_shop_advertising_works [nicolae_subvault_shop_adworks],
          minmay_orc_barracks

Skill      XL: |  1  2  3  4  5  6  7  8  9 10 11 12 13 14 |
---------------+-------------------------------------------+-----
Shields        | 4 5 6 7 8 9 10 | 10.8
Armour         | 4 5 6 7 9 10 11 12 | 12.8
Maces & Flails | 3 4 6 8 9 10 12 13 14 15 | 15.7
Fighting       | 4 5 6 7 8 10 11 13 | 13.4
Dodging        | 1 2 3 4 5 6 |  6.3
Stealth        | 1 2 |  2.3
Throwing       | 1 |  1.9
Invocations    | 3 6 |  6.5

Action                     |  1- 3 |  4- 6 |  7- 9 | 10-12 | 13-15 || total
---------------------------+-------+-------+-------+-------+-------++-------
  Melee: Flail             |   152 |   260 |   472 |  1099 |   307 ||  2290
         Eveningstar       |       |       |       |       |   542 ||   542
         Unarmed           |       |       |       |       |     1 ||     1
  Throw: Dart              |       |       |       |    28 |       ||    28
         Boomerang         |       |       |       |     3 |       ||     3
 Invoke: Heroism           |       |       |       |       |     2 ||     2
    Use: Potion            |       |       |       |       |     1 ||     1
   Stab: Distracted        |       |       |       |       |     1 ||     1
         Petrified         |       |       |       |       |     1 ||     1
 Armour: Scale mail        |    84 |   158 |    99 |       |       ||   341
         Chain mail        |       |       |   218 |   658 |   762 ||  1638
  Dodge: Dodged            |    76 |   138 |   211 |   465 |   556 ||  1446
  Block: Buckler           |    37 |    56 |   107 |   289 |   331 ||   820

Table legend: (Time is in decaauts)
 A = Elapsed time spent in this place.
 B = Non-inter-level travel time spent in this place.
 C = Inter-level travel time spent in this place.
 D = Time resting spent in this place.
 E = Time spent auto-exploring this place.
 F = Levels seen in this place.
 G = Mean time per level.
                   A        B        C        D        E       F      G
               +--------+--------+--------+--------+--------+-----+--------+
         Total |  25058 |  23614 |   1444 |   3422 |  14849 |  21 | 1193.2 |
       Dungeon |  14679 |  13951 |    728 |   2236 |   8525 |  12 | 1223.2 |
        Temple |      1 |      1 |      0 |      0 |      0 |   1 |    1.0 |
          Lair |   8789 |   8095 |    694 |   1171 |   5433 |   5 | 1757.8 |
  Orcish Mines |    995 |    975 |     20 |     15 |    587 |   2 |  497.5 |
         Sewer |    592 |    592 |      0 |      0 |    303 |   1 |  592.0 |
               +--------+--------+--------+--------+--------+-----+--------+

Top non-repeatable levels by time:
    D:11: 2669 daAuts
  Lair:3: 2083 daAuts
  Lair:2: 1897 daAuts
    D:12: 1786 daAuts
  Lair:1: 1736 daAuts
  Lair:5: 1680 daAuts
     D:9: 1497 daAuts
  Lair:4: 1391 daAuts
    D:10: 1340 daAuts
     D:6: 1316 daAuts
     D:7: 1047 daAuts
     D:3: 1011 daAuts
     D:4: 915 daAuts
     D:1: 904 daAuts
     D:8: 901 daAuts
